 Dungeon Crawl Stone Soup version 0.29-a0-88-g03a7b78be7 (webtiles) character file.

Game seed: 16923795253985713163

5001 lordive the Grappler (level 10, -2/92 HPs)
             Began as a Troll Warper on Feb 5, 2022.
             Was a Believer of Cheibriados.
             Slain by a killer bee (8 damage)
             ... on level 10 of the Dungeon.
             The game lasted 00:15:43 (7988 turns).

lordive the Grappler (Troll Warper)                 Turns: 7988, Time: 00:15:43

Health: -2/92      AC:  6    Str: 26    XL:     10   Next: 29%
Magic:  9/11       EV: 16    Int: 18    God:    Cheibriados [**....]
Gold:   512        SH:  0    Dex: 14    Spells: 2/12 levels left

rFire   + . .      SeeInvis .     - Unarmed
rCold   . . .      Faith    .   (no shield)
rNeg    . . .      Spirit   .   Q - +2 robe {Will+}
rPois   .          Reflect  .   (helmet restricted)
rElec   .          Harm     .   (no cloak)
rCorr   .          Rampage  .   (gloves unavailable)
Will    +....                   (boots unavailable)
Stlth   ++........              d - amulet of the acrobat
HPRegen 1.05/turn               m - +4 ring of evasion
MPRegen 0.12/turn               y - ring of protection from fire

@: lethally poisoned (-2 -> -2), invisible, very slow
A: large, unfitting armour, claws 3, regeneration 1, shaggy fur 1, tough skin 1
a: Renounce Religion, Bend Time


You were on level 10 of the Dungeon.
You worshipped Cheibriados.
Cheibriados was pleased with you.
You visited 2 branches of the dungeon, and saw 12 of its levels.

You collected 512 gold pieces.

Inventory:

Missiles
 c - 5 boomerangs of dispersal (quivered)
 f - 9 poisoned darts
 A - 2 throwing nets
 R - 3 boomerangs
Armour
 r - a +0 buckler
 L - +0 steam dragon scales
 N - a +0 kite shield
 Q - a +2 robe of willpower (worn)
 S - a +0 buckler
Jewellery
 d - an amulet of the acrobat (around neck)
 k - an amulet of faith
 m - a +4 ring of evasion (left claw)
 y - a ring of protection from fire (right claw)
 C - a ring of flight
 F - a ring of poison resistance
 H - a +4 ring of protection
 P - a +4 ring of protection
Wands
 n - a wand of charming (5)
 D - a wand of paralysis (3)
 E - a wand of iceblast (6)
 M - a wand of polymorph (13)
 O - a wand of mindburst (7)
Scrolls
 b - 3 scrolls of blinking
 g - 4 scrolls of immolation {unknown}
 h - a scroll of fog {unknown}
 j - 8 scrolls of identify
 l - a scroll of amnesia {unknown}
 o - 2 scrolls of noise {unknown}
 p - a scroll of fear {unknown}
 s - 3 scrolls of teleportation {unknown}
 x - 3 scrolls of magic mapping {unknown}
 z - 2 scrolls of enchant weapon {unknown}
 J - 2 scrolls of vulnerability {unknown}
Potions
 e - a potion of might {unknown}
 i - 2 potions of brilliance {unknown}
 q - a potion of lignification {unknown}
 t - 2 potions of magic {unknown}
 u - a potion of berserk rage {unknown}
 w - 5 potions of curing {unknown}
 B - 2 potions of flight {unknown}
 G - 2 potions of attraction {unknown}
 I - a potion of haste {unknown}
 K - a potion of mutation {unknown}
 T - a potion of resistance {unknown}


   Skills:
 * Level 3.6 Fighting
 - Level 0.8 Throwing
 * Level 2.3 Armour
 + Level 5.4 Dodging
 + Level 1.6 Stealth
 * Level 4.3 Shields
 + Level 9.3 Unarmed Combat
 + Level 1.7 Spellcasting
 * Level 5.5 Translocations


You had 2 spell levels left.
You knew the following spells:

 Your Spells              Type           Power      Damage    Failure   Level
a - Blink                 Tloc           42%        N/A       3%          2
b - Teleport Other        Tloc           21%        N/A       6%          3
c - Manifold Assault      Tloc           21%        N/A       47%         5

Your spell library contained the following spells:

 Spells                   Type           Power      Damage    Failure   Level
 Animate Skeleton         Necr           2%         N/A       19%         1
 Pain                     Necr           4%         1d4       19%         1
 Gell's Gravitas          Tloc           21%        N/A       6%          3
 Lesser Beckoning         Tloc           21%        N/A       6%          3
 Vampiric Draining        Necr           1%         2d6       50%         3


Dungeon Overview and Level Annotations

Branches:
Dungeon (11/15)            Temple (1/1) D:6            Lair (0/6) D:10
    Orc: D:9-12

Altars:
Ashenzari
Cheibriados
Dithmenos
Elyvilon
Fedhas
Gozag
Hepliaklqana
Kikubaaqudgha
Makhleb
Nemelex Xobeh
Okawaru
Qazlal
Ru
Sif Muna
Trog
Uskayaw
Vehumet
Wu Jian
Xom
Yredelemnul
Zin
The Shining One

Shops:
D:2 ?   D:5 :

Portals:
Trove: D:10 (lose all piety)


Innate Abilities, Weirdness & Mutations

You are too large for most types of armour.
You have claws for hands.
Your natural rate of healing is unusually fast.
You are covered in fur. (AC +1)
You have tough skin. (AC +1)


Message History

You claw the yaktaur!
The yaktaur is almost dead.
The yaktaur hits you but does no damage.
The yaktaur wields a +0 arbalest.
The yaktaur shoots a bolt.
The bolt hits you!
The yaktaur wields a +0 arbalest.
The yaktaur shoots a bolt.
The bolt completely misses you.
The yaktaur shoots a bolt.
The bolt completely misses you.
As you close the door, it creaks loudly!
A yaktaur opens the door.
The yaktaur shoots a bolt.
The bolt closely misses you.
You close the door.
A yaktaur opens the door.
The yaktaur shoots a bolt.
The bolt hits you!!
You close the door.
A yaktaur breaks down the door.
The yaktaur shoots a bolt.
The bolt hits you!
The yaktaur wields a +0 arbalest.
The yaktaur shoots a bolt.
The bolt hits you!!
* * * LOW HITPOINT WARNING * * *
Unknown command.
You feel much better.
The yaktaur shoots a bolt.
The bolt hits you!
The yaktaur shoots a bolt.
The bolt hits you!
* * * LOW HITPOINT WARNING * * *
Okay, then.
Casting: Teleport Other (mildly dangerous; 6% risk of failure)
Confirm with . or Enter, or press ? or * to list all spells.
Okay, then.
Casting: Teleport Other (mildly dangerous; 6% risk of failure)
Confirm with . or Enter, or press ? or * to list all spells.
You blink.
The killer bee barely misses you. The killer bee completely misses you.
Unknown command.
As you read the scroll labelled EREINOTHR ARHOE, it crumbles to dust.
It is a scroll of identify.
a - a potion of invisibility The killer bee closely misses you.
The killer bee barely misses you. The killer bee stings you!
* * * LOW HITPOINT WARNING * * *
You are poisoned.
The killer bee poisons you! The killer bee closely misses you.
You fade into invisibility!
You feel stable enough to blink again.
You feel sick. The killer bee closely misses you. The killer bee stings you!
You die...

### ### ##### #)## #.# #...#
#####.### ####'## ####'###
#.......# #.....# #......###
#.......# ......#
#......'.####.......#
'.....#######......#............#
#.....#(.(.ยง'..c...######.......#
##....'.#####.cy...# #.......#
.##...### #.cy@..# #.......#
..###.## #..c...# #....)..# .##
#.># #......# #.......# ## ####
###.#### ##...#### # ..# ##.######
.... #......># ..:.. #.......#
...... #.......# .....c #.......#


You could see 4 yaktaurs and 2 killer bees.

Vanquished Creatures
  Josephine (D:10)
  A komodo dragon (D:10)
  A yaktaur (D:10)
  3 wraiths (D:10)
  4 steam dragons
  A sky beast (D:7)
  A necrophage (D:7)
  2 ogres
  A black bear (D:4)
  4 orc warriors
  2 centaurs
  A bullfrog (D:8)
  3 gnoll sergeants
  3 scorpions
  A wyvern zombie (D:6)
  A wyvern skeleton (D:6)
  A water moccasin skeleton (D:5)
  2 killer bees (D:10)
  4 howler monkeys
  A centaur zombie (D:9)
  5 hounds
  2 orc priests (D:7)
  2 bullfrog skeletons (D:6)
  3 gnoll shamans
  A jelly (D:4)
  2 centaur skeletons
  Ijyb (D:3)
  An iguana (D:5)
  8 orc wizards
  Natasha (twice) (D:2)
  17 gnolls
  7 adders
  A shadow imp (D:7)
  A white imp (D:6)
  An ufetubus (D:3)
  2 adder skeletons
  3 dart slugs
  16 orcs
  9 ball pythons
  7 bats
  5 endoplasms
  A giant cockroach (D:2)
  5 hobgoblins
  A quokka (D:1)
  3 frilled lizards
  13 goblins
  5 kobolds
  6 rats
168 creatures vanquished.

Vanquished Creatures (others)
  2 gnolls (D:9)
2 creatures vanquished.

Grand Total: 170 creatures vanquished

Notes
Turn   | Place    | Note
-------+----------+-------------------------------------------
     0 | D:1      | lordive the Troll Warper began the quest for the Orb.
     0 | D:1      | Reached XP level 1. HP: 19/19 MP: 1/1
   143 | D:1      | Reached XP level 2. HP: 27/27 MP: 2/2
   627 | D:1      | Reached XP level 3. HP: 26/33 MP: 2/4
   954 | D:2      | Found Penucw's Magic Scroll Emporium.
   999 | D:2      | Found a hide-covered altar of Uskayaw.
  1336 | D:2      | Noticed Natasha
  1348 | D:2      | Killed Natasha
  1349 | D:2      | Reached XP level 4. HP: 31/42 MP: 5/5
  1473 | D:2      | Noticed Natasha
  1492 | D:2      | Killed Natasha
  1493 | D:2      | Reached skill level 3 in Unarmed Combat
  1560 | D:3      | Noticed Ijyb
  1599 | D:3      | Killed Ijyb
  1600 | D:3      | Reached XP level 5. HP: 46/49 MP: 6/6
  1824 | D:3      | Found an iron altar of Okawaru.
  2254 | D:3      | Found a hazy altar of Hepliaklqana.
  2256 | D:3      | Found a faded altar of an unknown god.
  2260 | D:3      | Reached skill level 4 in Unarmed Combat
  2299 | D:4      | Noticed a black bear
  2304 | D:4      | Killed a black bear
  2305 | D:4      | Reached XP level 6. HP: 53/57 MP: 7/7
  2320 | D:4      | Found a shimmering altar of Xom.
  2416 | D:4      | Noticed a steam dragon
  2488 | D:4      | Killed a steam dragon
  2489 | D:4      | Reached skill level 1 in Shields
  2489 | D:4      | Reached XP level 7. HP: 61/65 MP: 8/8
  2529 | D:4      | Reached skill level 5 in Unarmed Combat
  2545 | D:4      | Found a blossoming altar of Fedhas.
  2545 | D:4      | Found a glowing silver altar of Zin.
  2869 | D:4      | Found an opulent altar of Gozag.
  2878 | D:4      | Found a burning altar of Makhleb.
  2970 | D:4      | Found a broken altar of Ashenzari.
  3284 | D:5      | Entered Level 5 of the Dungeon
  3531 | D:5      | Found a hide-covered altar of Uskayaw.
  3763 | D:5      | Found Ser Baod's Self-Improvement Boutique.
  4181 | D:6      | Reached skill level 6 in Unarmed Combat
  4181 | D:6      | Reached XP level 8. HP: 71/74 MP: 9/9
  4624 | D:6      | Reached skill level 1 in Stealth
  4707 | D:6      | Found a staircase to the Ecumenical Temple.
  4820 | Temple   | Entered the Ecumenical Temple
  5048 | Temple   | Became a worshipper of Cheibriados the Contemplative
  5052 | Temple   | Learned a level 2 spell: Blink
  5272 | D:7      | Reached skill level 7 in Unarmed Combat
  5584 | D:7      | Reached XP level 9. HP: 51/80 MP: 10/10
  5591 | D:7      | Learned a level 3 spell: Teleport Other
  5850 | D:7      | Identified the +9 ring mail of Untold Secrets {Dex+4 SInv}
  6032 | D:7      | Found a white marble altar of Elyvilon.
  6201 | D:7      | Reached skill level 8 in Unarmed Combat
  6242 | D:7      | Found a stormy altar of Qazlal.
  6291 | D:8      | Reached * piety under Cheibriados
  6885 | D:9      | Learned a level 5 spell: Manifold Assault
  6933 | D:9      | Reached ** piety under Cheibriados
  6941 | D:9      | Reached skill level 1 in Armour
  6990 | D:9      | Reached skill level 5 in Translocations
  7130 | D:9      | You fall into a shaft and drop 2 floors!
  7136 | D:11     | Noticed a boulder beetle
  7246 | D:10     | Entered Level 10 of the Dungeon
  7280 | D:10     | Noticed Josephine
  7296 | D:10     | Killed Josephine
  7297 | D:10     | Reached skill level 5 in Dodging
  7301 | D:10     | Reached XP level 10. HP: 55/91 MP: 11/11
  7308 | D:10     | Reached skill level 9 in Unarmed Combat
  7381 | D:10     | Found a glowing golden altar of the Shining One.
  7621 | D:10     | Noticed a two-headed ogre
  7792 | D:10     | Found a staircase to the Lair.
  7846 | D:10     | Found a portal to a secret trove of treasure.
  7988 | D:10     | Slain by a killer bee

Illustrated notes

Levels and vault maps discovered:
D:1:      psy_arrival_conway, layout_loops_corners,
          shapermc_ecumenical_altar_petra, serial_bayou_ford_a
D:2:      layout_basic, basic_altar, serial_shops, nicolae_shop_hallway_stairs,
          uniq_natasha
D:3:      kennysheep_the_goblin_king, layout_loops_ring,
          beargit_hepliaklqana_dungeon_heroes, okawaru_trees_1, uniq_ijyb
D:4:      layout_basic, nicolae_overflow_crystal_walls,
          nicolae_overflow_hidden_temple,
          chequers_temple_overflow_statue_of_worship, mainiacjoe_overflow_swirl
D:5:      layout_basic, nicolae_uskayaw_murder_on_the_dancefloor,
          nicolae_shop_self_help
D:6:      layout_basic, minmay_temple_entry_glassed_door, minmay_pentangle
D:7:      layout_loops_ring, kennysheep_mini_moat, marbit_many_paths
D:8:      layout_cave_pools
D:9:      layout_gridville
D:10:     layout_roguey, nicolae_tso_carved_into_rock, lair_entry_dummy,
          trove_entry_hex_spiral, serial_shops, nicolae_shop_statue_plus,
          st_stairs_10, uniq_josephine
D:11:     layout_stronghold, orc_0_dummy
Temple:   jpeg_temple_alley_garden

Skill      XL: |  1  2  3  4  5  6  7  8  9 10 |
---------------+-------------------------------+-----
Dodging        | 2 3 4 5 |  5.4
Translocations | 3 4 5 |  5.5
Unarmed Combat | 3 4 6 7 8 9 |  9.3
Fighting       | 2 3 |  3.6
Shields        | 1 2 3 4 |  4.3
Stealth        | 1 |  1.6
Armour         | 1 2 |  2.3
Throwing       | |  0.8
Spellcasting   | |  1.7

Action                   |  1- 3 |  4- 6 |  7- 9 | 10-12 || total
-------------------------+-------+-------+-------+-------++-------
Melee: Unarmed           |   102 |   147 |   362 |    67 ||   678
       Punch             |       |     2 |    16 |     2 ||    20
 Cast: Teleport Other    |       |       |     2 |       ||     2
       Blink             |       |       |     1 |     1 ||     2
  Use: Potion            |       |       |       |     2 ||     2
       Scroll            |       |       |       |     1 ||     1
 Stab: Distracted        |     1 |       |       |       ||     1
       Sleeping          |       |       |     3 |       ||     3
Armor: Robe              |    41 |    50 |    36 |     4 ||   131
       Steam dragon scal |       |       |    21 |     4 ||    25
Dodge: Dodged            |    56 |   116 |   279 |    67 ||   518

Table legend: (Time is in decaauts)
 A = Elapsed time spent in this place.
 B = Non-inter-level travel time spent in this place.
 C = Inter-level travel time spent in this place.
 D = Time resting spent in this place.
 E = Time spent auto-exploring this place.
 F = Levels seen in this place.
 G = Mean time per level.
                   A        B        C        D        E       F      G
               +--------+--------+--------+--------+--------+-----+--------+
         Total |   8754 |   7888 |    866 |    285 |   6081 |  12 |  729.5 |
       Dungeon |   8485 |   7710 |    775 |    285 |   5912 |  11 |  771.4 |
        Temple |    268 |    178 |     90 |      0 |    169 |   1 |  268.0 |
               +--------+--------+--------+--------+--------+-----+--------+

Top non-repeatable levels by time:
     D:7: 1110 daAuts
     D:4: 1005 daAuts
     D:1: 965 daAuts
    D:10: 960 daAuts
     D:6: 912 daAuts
     D:5: 855 daAuts
     D:3: 833 daAuts
     D:8: 680 daAuts
     D:2: 627 daAuts
     D:9: 398 daAuts
  Temple: 268 daAuts
    D:11: 135 daAuts
